2474 views
Uploaded 2021-09-26 05:16:38
Game version 1.32.10
1:47 long 4on4 ladder game on (8)NorthernFelwood
Saved by Teelo
2474 views
Uploaded 2021-09-26 05:16:38
Game version 1.32.10
1:47 long 4on4 ladder game on (8)NorthernFelwood

/ 0k
16 buildings @ 2.8k
/ 0.7k
| Acolyte | 4 | 300 | / | 0 |
| Ghoul | 2 | 240 | / | 0 |
| total: | 6 | 540g | / | 0w |
| Graveyard | 1 | 215 | / | 0 |
| Crypt | 2 | 400 | / | 100 |
| Ziggurat | 1 | 150 | / | 50 |
| Altar of Darkness | 1 | 180 | / | 50 |
| total: | 5 | 945g | / | 200w |
| 0:09 | Acolyte |
| 0:10 | Graveyard |
| 0:11 | Crypt |
| 0:12 | Crypt |
| 0:22 | Acolyte |
| 0:22 | Acolyte |
| 0:22 | Acolyte |
| 0:41 | Ziggurat |
| 1:00 | Altar of Darkness |
| 1:14 | Ghoul |
| 1:27 | Ghoul |
| Chat | 37 |
| Right click | 30 |
| Select | 19 |
| Build/train/purchase | 6 |
| Assign group | 3 |
| Peon | 6 | 450 | / | 0 |
| Grunt | 1 | 200 | / | 0 |
| total: | 7 | 650g | / | 0w |
| Altar of Storms | 1 | 180 | / | 50 |
| Orc Burrow | 2 | 320 | / | 80 |
| Barracks | 1 | 180 | / | 50 |
| total: | 4 | 680g | / | 180w |
| 0:01 | Peon |
| 0:02 | Peon |
| 0:02 | Peon |
| 0:06 | Altar of Storms |
| 0:18 | Orc Burrow |
| 0:33 | Barracks |
| 0:41 | Peon |
| 0:52 | Peon |
| 1:03 | Peon |
| 1:25 | Orc Burrow |
| 1:35 | Grunt |
| Select group | 92 |
| Select | 23 |
| Right click | 18 |
| Assign group | 8 |
| Build/train/purchase | 8 |
| Acolyte | 2 | 150 | / | 0 |
| total: | 2 | 150g | / | 0w |
| Crypt | 1 | 200 | / | 50 |
| Altar of Darkness | 1 | 180 | / | 50 |
| Ziggurat | 1 | 150 | / | 50 |
| Tomb of Relics | 1 | 130 | / | 30 |
| total: | 4 | 660g | / | 180w |
| 0:03 | Acolyte |
| 0:07 | Crypt |
| 0:09 | Altar of Darkness |
| 0:14 | Acolyte |
| 0:32 | Ziggurat |
| 0:46 | Tomb of Relics |
| Right click | 23 |
| Select group | 21 |
| Select | 11 |
| Assign group | 4 |
| Build/train/purchase | 2 |
| Peon | 7 | 525 | / | 0 |
| Ghoul | 2 | 240 | / | 0 |
| total: | 9 | 765g | / | 0w |
| Altar of Storms | 1 | 180 | / | 50 |
| Orc Burrow | 1 | 160 | / | 40 |
| War Mill | 1 | 205 | / | 0 |
| total: | 3 | 545g | / | 90w |
| 0:02 | Peon |
| 0:02 | Peon |
| 0:07 | Altar of Storms |
| 0:09 | Orc Burrow |
| 0:14 | Peon |
| 0:35 | Peon |
| 0:50 | Peon |
| 0:58 | War Mill |
| 1:07 | Peon |
| 1:29 | Ghoul |
| 1:29 | Ghoul |
| 1:34 | Peon |
| Select | 17 |
| Right click | 16 |
| Build/train/purchase | 11 |
/ 0k
19 buildings @ 2.8k
/ 0.8k
| Peon | 5 | 375 | / | 0 |
| total: | 5 | 375g | / | 0w |
| War Mill | 1 | 205 | / | 0 |
| Orc Burrow | 2 | 320 | / | 80 |
| Altar of Storms | 1 | 180 | / | 50 |
| Barracks | 1 | 180 | / | 50 |
| total: | 5 | 885g | / | 180w |
| 0:01 | Peon |
| 0:02 | Peon |
| 0:05 | War Mill |
| 0:17 | Orc Burrow |
| 0:20 | Peon |
| 0:36 | Altar of Storms |
| 0:49 | Peon |
| 1:06 | Barracks |
| 1:16 | Peon |
| 1:33 | Orc Burrow |
| Right click | 44 |
| Select group | 27 |
| Select | 17 |
| Chat | 12 |
| Assign group | 6 |
| Build/train/purchase | 6 |
| Peasant | 8 | 600 | / | 0 |
| total: | 8 | 600g | / | 0w |
| Altar of Kings | 1 | 180 | / | 50 |
| Farm | 2 | 160 | / | 40 |
| Blacksmith | 1 | 140 | / | 60 |
| Barracks | 1 | 160 | / | 60 |
| total: | 5 | 640g | / | 210w |
| 0:03 | Peasant |
| 0:08 | Peasant |
| 0:09 | Peasant |
| 0:10 | Peasant |
| 0:10 | Peasant |
| 0:10 | Peasant |
| 0:49 | Altar of Kings |
| 0:52 | Farm |
| 1:04 | Blacksmith |
| 1:13 | Barracks |
| 1:20 | Peasant |
| 1:32 | Farm |
| 1:38 | Peasant |
| Right click | 24 |
| Select | 24 |
| Select group | 16 |
| Build/train/purchase | 8 |
| Assign group | 2 |
| Peasant | 15 | 1125 | / | 0 |
| total: | 15 | 1125g | / | 0w |
| Farm | 2 | 160 | / | 40 |
| Altar of Kings | 1 | 180 | / | 50 |
| Barracks | 1 | 160 | / | 60 |
| total: | 4 | 500g | / | 150w |
| 0:05 | Peasant |
| 0:05 | Peasant |
| 0:05 | Peasant |
| 0:05 | Peasant |
| 0:05 | Peasant |
| 0:05 | Peasant |
| 0:06 | Peasant |
| 0:06 | Peasant |
| 0:30 | Farm |
| 0:39 | Altar of Kings |
| 0:53 | Barracks |
| 0:56 | Peasant |
| 0:56 | Peasant |
| 0:57 | Peasant |
| 0:57 | Peasant |
| 1:22 | Farm |
| 1:28 | Peasant |
| 1:28 | Peasant |
| 1:29 | Peasant |
| Right click | 36 |
| Select | 21 |
| Build/train/purchase | 17 |
| Esc | 1 |
| Peon | 7 | 525 | / | 0 |
| total: | 7 | 525g | / | 0w |
| Altar of Storms | 1 | 180 | / | 50 |
| Orc Burrow | 2 | 320 | / | 80 |
| Barracks | 1 | 180 | / | 50 |
| Voodoo Lounge | 1 | 130 | / | 30 |
| total: | 5 | 810g | / | 210w |
| 0:04 | Peon |
| 0:04 | Peon |
| 0:04 | Peon |
| 0:23 | Altar of Storms |
| 0:35 | Orc Burrow |
| 0:38 | Peon |
| 0:38 | Peon |
| 0:39 | Peon |
| 0:56 | Barracks |
| 1:35 | Voodoo Lounge |
| 1:42 | Peon |
| 1:46 | Orc Burrow |
| Chat | 65 |
| Select group | 22 |
| Select | 16 |
| Right click | 13 |
| Build/train/purchase | 8 |
| Assign group | 3 |
⇛